AoeStats
← audi

Arabia

510148258Analyzed
3v3 RM · 2d ago on Sep 29, 2026· 47m 33s· 6 players
Game mode
Random Map
Map size
Normal (6 player)
Population
200
Speed
Normal
Resources
Standard
Victory
Conquest
Starting age
Dark Age
Ending age
Imperial Age
RankedLock teamsTeams togetherTeam positionsShared explorationLock speedFull tech treeHidden civsTurbo modeCheats
Victory
Defeat
🇨🇱 Vietnamese · Chile
1174
+15
🇨🇱 Huns · Chile
1132
+16
🇨🇱 Saracens · Chile
1061
+19
🇹🇷 Burgundians · Türkiye
1156
-17
🇹🇷 Bohemians · Türkiye
1143
-17
🇹🇷 Celts · Türkiye
1117
-16
veranodel92
0:36 Loom
10:02 Feudal Age
10:30 Double-Bit Axe
10:26 Horse Collar
19:59 Castle Age
18:19 Gold Mining
21:38 Fletching
22:43 Bow Saw
27:34 Bodkin Arrow
29:19 Padded Archer Armor
31:33 Leather Archer Armor
31:46 Bloodlines
31:36 Husbandry
33:47 Thumb Ring
35:13 Ballistics
39:12 Imperial Age
37:19 Wheelbarrow
40:00 Bracer
42:52 Chemistry
44:49 Ring Archer Armor
45:45 Heavy Cavalry Archer
Meowl
2:13 Loom
9:57 Feudal Age
14:29 Double-Bit Axe
16:59 Horse Collar
25:16 Castle Age
25:21 Pikeman
26:03 Squires
27:14 Bow Saw
26:47 Man-at-Arms
27:13 Gambesons
27:46 Long Swordsman
30:28 Heavy Plow
31:34 Wheelbarrow
33:52 Hand Cart
33:57 Forging
33:47 Scale Mail Armor
34:17 Town Watch
36:40 Arson
37:54 Iron Casting
37:35 Chain Mail Armor
48:22 Imperial Age
46:59 Town Patrol
Sebanstein
9:21 Feudal Age
11:31 Loom
12:33 Horse Collar
13:00 Double-Bit Axe
19:42 Castle Age
20:29 Gold Mining
21:54 Bloodlines
22:28 Fletching
23:46 Scale Barding Armor
24:48 Town Watch
26:30 Chain Barding Armor
28:42 Forging
32:17 Husbandry
33:37 Wheelbarrow
37:33 Hand Cart
37:22 Bodkin Arrow
43:04 Imperial Age
41:48 Gold Shaft Mining
41:48 Town Patrol
43:13 Cavalier
45:22 Paladin
48:09 Plate Barding Armor
48:10 Iron Casting
Janissaryyy
0:49 Loom
10:02 Wheelbarrow
12:00 Feudal Age
11:22 Double-Bit Axe
11:27 Horse Collar
17:41 Forging
18:39 Scale Barding Armor
18:51 Heavy Plow
21:48 Bow Saw
25:26 Castle Age
23:30 Gold Mining
25:18 Hand Cart
24:48 Town Watch
26:42 Gold Shaft Mining
26:49 Husbandry
27:05 Cavalier
33:04 Crop Rotation
37:10 Chain Barding Armor
37:26 Iron Casting
40:04 Light Cavalry
42:39 Town Patrol
43:45 Stone Mining
46:24 Fletching
audi
3:04 Loom
10:21 Feudal Age
11:08 Double-Bit Axe
15:04 Town Watch
16:17 Scale Barding Armor
16:44 Forging
21:31 Castle Age
19:43 Horse Collar
21:09 Fletching
21:27 Gold Mining
22:41 Wheelbarrow
22:21 Husbandry
23:37 Padded Archer Armor
31:20 Bodkin Arrow
32:29 Elite Skirmisher
33:38 Leather Archer Armor
36:00 Iron Casting
36:02 Chain Barding Armor
37:44 Hand Cart
38:15 Bow Saw
38:11 Heavy Plow
42:22 Imperial Age
41:01 Ballistics
43:34 Ring Archer Armor
43:00 Stone Mining
43:45 Gold Shaft Mining
44:13 Blast Furnace
44:23 Chemistry
Timber
5:28 Loom
10:40 Feudal Age
11:33 Double-Bit Axe
17:21 Horse Collar
17:53 Fletching
19:34 Padded Archer Armor
26:08 Castle Age
27:07 Bodkin Arrow
28:50 Leather Archer Armor
27:58 Crossbowman
36:58 Town Watch
Connection lost

Rejoining the realm…

Still unreachable

The connection could not be restored.

Session expired

The server has moved on; the page needs a fresh start.